 Dungeon Crawl Stone Soup version 0.28.0 (webtiles) character file.

Game seed: 12039688960092653040

65 Asparus the Conjurer (level 3, 0/27 HPs)
             Began as a Demonspawn Conjurer on Feb 18, 2022.
             Killed from afar by a white imp (9 damage)
             ... with a puff of frost
             ... summoned by Natasha
             ... on level 2 of the Dungeon.
             The game lasted 00:02:44 (2092 turns).

Asparus the Conjurer (Demonspawn Conjurer)          Turns: 2092, Time: 00:02:44

Health: 0/27       AC:  4    Str:  7    XL:     3   Next: 92%
Magic:  5/7        EV: 12    Int: 21    God:
Gold:   76         SH:  0    Dex: 11    Spells: 6/7 levels left

rFire   . . .      SeeInvis .   g - +1 short sword (vamp)
rCold   . . .      Faith    .   (no shield)
rNeg    . . .      Spirit   .   a - +0 robe
rPois   .          Reflect  .   e - +0 helmet
rElec   .          Harm     .   (no cloak)
rCorr   .          Rampage  .   j - +0 pair of gloves
Will    .....                   (no boots)
Stlth   ++........              (no amulet)
HPRegen 0.09/turn               (no ring)
MPRegen 0.10/turn               (no ring)

@: no status effects
A: spiny 2
a: no special abilities


You were on level 2 of the Dungeon.
You visited 1 branch of the dungeon, and saw 2 of its levels.

You collected 76 gold pieces.

Inventory:

Hand Weapons
 g - a +1 vampiric short sword (weapon)
Missiles
 f - 4 curare-tipped darts
Armour
 a - a +0 robe (worn)
 e - a +0 helmet (worn)
 j - a +0 pair of gloves (worn)
Scrolls
 b - a scroll of brand weapon {unknown}
 c - a scroll of fog {unknown}
Potions
 h - a potion of haste


   Skills:
 + Level 1.7 Fighting
 - Level 2.0 Dodging
 - Level 2.0 Stealth
 + Level 2.7 Spellcasting
 + Level 4.4 Conjurations


You had 6 spell levels left.
You knew the following spells:

 Your Spells              Type           Power      Damage    Failure   Level
a - Magic Dart            Conj           84%        1d7       2%          1

Your spell library contained the following spells:

 Spells                   Type           Power      Damage    Failure   Level
 Searing Ray              Conj           42%        2d6       3%          2
 Dazzling Flash           Conj/Hex       24%        N/A       16%         3
 Fulminant Prism          Conj/Hex       6%         3d7       47%         4
 Iskenderun's Mystic Bla  Conj/Tloc      12%        2d5       47%         4


Dungeon Overview and Level Annotations

Branches:
Dungeon (2/15)

Altars:
Beogh

Annotations:
D:2 Natasha


Innate Abilities, Weirdness & Mutations

You are mostly covered in sharp spines.


Message History

Aim: an endoplasm (almost dead, 100% to hit)
The magic dart hits the endoplasm.
You kill the endoplasm!
Unknown command.
You now have 76 gold pieces (gained 13).
Natasha, Servant of Life and Death comes into view.
Casting: Magic Dart (safe; 2% risk of failure)
Confirm with . or Enter, or press ? or * to list all spells.
Aiming: Magic Dart (safe; 2% risk of failure)
Press: ? - help, Shift-Dir - straight line, f - Natasha
Aim: Natasha (wandering, hasn't noticed you, 100% to hit)
The magic dart hits Natasha but does no damage.
Natasha hisses angrily.
Unknown command.
Casting: Magic Dart (safe; 2% risk of failure)
Confirm with . or Enter, or press ? or * to list all spells.
Aiming: Magic Dart (safe; 2% risk of failure)
Press: ? - help, Shift-Dir - straight line, f/p - Natasha
Aim: Natasha (100% to hit)
The magic dart hits Natasha.
Natasha is moderately wounded.
Natasha casts a spell.
Unknown command.
You hit the white imp but do no damage.
Natasha casts a spell.
The white imp is struck by your spines. The white imp hits you.
The white imp freezes you.
You hit the white imp but do no damage.
The white imp is lightly wounded.
Natasha stares at you and mumbles some strange words.
The magic dart hits you! The white imp is struck by your spines.
The white imp hits you but does no damage.
The white imp gestures at you. The puff of frost hits you!
Ouch! That really hurt!
* * * LOW HITPOINT WARNING * * *
You feel better. The white imp gestures at you. The puff of frost hits you!
You die...

############ ## #
#..........#
...##..#.#######.#
....###.######.###
#####..#.###.......##
......#5####........#
......h@......##.#..#
####.#5.......#..#..#
# #........#.##..###
#................#
#..............#.#
#!......##..####.#
#.......##.....# #
####.######.##.#
....##.##.#.#


You could see Natasha and 2 white imps.

Vanquished Creatures
  Natasha (D:2)
  3 dart slugs (D:1)
  3 endoplasms
  2 giant cockroaches
  A goblin (D:1)
  2 hobgoblins (D:1)
  4 jackals
  A quokka (D:2)
  5 ball pythons
  3 bats (D:1)
  3 frilled lizards
  3 kobolds (D:1)
  5 rats (D:1)
36 creatures vanquished.

Notes
Turn   | Place    | Note
-------+----------+-------------------------------------------
     0 | D:1      | Asparus the Demonspawn Conjurer began the quest for the
                  | Orb.
     0 | D:1      | Reached XP level 1. HP: 13/13 MP: 3/3
   441 | D:1      | Gained mutation: You are partially covered in sharp spines.
                  | [demonic ancestry]
   441 | D:1      | Reached XP level 2. HP: 18/20 MP: 0/5
   937 | D:1      | Reached skill level 1 in Fighting
  1114 | D:1      | Gained mutation: You are mostly covered in sharp spines.
                  | [demonic ancestry]
  1114 | D:1      | Reached XP level 3. HP: 24/26 MP: 4/6
  1154 | D:1      | Found a faded altar of an unknown god.
  1402 | D:2      | Noticed Natasha
  1409 | D:2      | Killed Natasha
  2087 | D:2      | Noticed Natasha
  2092 | D:2      | Killed from afar by a white imp

Illustrated notes

Levels and vault maps discovered:
D:1:      saegor_arrival_fortress, layout_loops_ring,
          hellmonk_ecumenical_altar_defaced_shrine, minmay_misc_feat_roman,
          chequers_serial_rivers_small_b, minmay_pentomino_o2
D:2:      layout_loops_cross, uniq_natasha

Skill      XL: |  1  2 |
---------------+-------+-----
Stealth        | 2 |  2.0
Dodging        | 2 |  2.0
Fighting       | 1 |  1.7
Spellcasting   | |  2.7
Conjurations   | |  4.4

Action                   || total
-------------------------++-------
Melee: Unarmed           ||     9
       Short sword       ||    30
 Cast: Magic Dart        ||    51
  Use: Scroll            ||     5
       Potion            ||     1
Armor: Robe              ||     9
Dodge: Dodged            ||    20
